Unix xNetHack Version 8.0.0 - last build Jan 14 2024 16:46:22 (be4d3c81716514284228e1a23197c27ddb32b841). Game began 2024-03-12 22:35:17, ended 2024-03-13 01:08:25. Catomat, neutral female human Wizard -------------------------- |>.......................| |.......----------------.| -------.------ |.| |...........| |.| |...***.....| |.| --------.----| |)| |.........*..| |.| |............| |)| -----.-------- ------|%| |....00....| --|.....|%| |....00.*..| |.+.....|%| |...000...-- |-|.....|@| -------.---- |.+.....+.| |........| |-|.....|-- |.....*..| |.+...fm| |...------ --|.....| ----- ------- Catomat the Thaumaturge St:6 Dx:12 Co:17 In:18 Wi:15 Ch:11 Neutral S:8847 Dlvl:2 $:317 HP:0(50) Pw:5(90) AC:0 Xp:8/2030 T:9165 Blind Latest messages: There are a few objects here. V - a runed dagger {3}. W - a pair of riding boots {15}. The blast of frost hits you! In what direction? The spell hits the winter wolf cub! You kill the winter wolf cub! You try to feel what is lying here on the floor. You feel here a partly eaten giant beetle corpse. You try to feel what is lying here on the floor. There are two objects here. You try to feel what is lying here on the floor. There are a few objects here. Please move the cursor to an unknown object. (For instructions type a '?') Done. In what direction? The spell misses the python. The python misses! The python touches you! In what direction? The spell misses the python. You try to feel what is lying here on the floor. There are two objects here. You try to feel what is lying here on the floor. You feel here a partly eaten giant beetle corpse. You try to feel what is lying here on the floor. You feel here a runed spear. In what direction? The spell hits the python! In what direction? The spell misses the python. In what direction? The spell misses the python. You try to feel what is lying here on the floor. You feel here a partly eaten giant beetle corpse. In what direction? The spell hits the python! You kill the python! You try to feel what is lying here on the floor. There are two objects here. You try to feel what is lying here on the floor. There are a few objects here. You try to feel what is lying here on the floor. There are a few objects here. Including a cockatrice corpse, unfortunately. Touching the cockatrice corpse is a fatal mistake... You turn to stone... Do you want your possessions identified? [ynq] (y) Do you want to see your attributes? [ynq] (y) Inventory: Inventory: 490/625 weight (28/52 slots) Coins $ - 317 gold pieces {3} Weapons I - 4 blessed +1 daggers {40} K - 6 +0 daggers (at the ready) {60} V - a +0 wooden elven dagger {3} Armor F - an uncursed +0 orcish helm {30} C - an uncursed +0 pair of dwarvish boots (being worn) {38} W - an uncursed +0 pair of elven boots {15} b - an uncursed +0 cloak of magic resistance {10} D - an uncursed +1 plastic cloak of protection (being worn) {15} w - an uncursed +0 leather studded armor (being worn) {150} Comestibles o - an uncursed food ration {20} q - 2 uncursed tripe rations {20} x - an uncursed tin of candied wood nymph meat {10} O - an uncursed lizard corpse {10} U - an uncursed lizard corpse {10} Scrolls p - a blessed scroll of amnesia {5} Rings u - an uncursed +3 ring of carrying {3} H - an uncursed -1 ring of carrying {3} i - an uncursed ring of invisibility (on right hand) {3} Y - an uncursed ring of regeneration (on left hand) {3} P - an uncursed ring of see invisible {3} S - an uncursed ring of slow digestion {3} Wands A - a wand of create monster (0:11) {7} L - a wand of fire (0:7) {7} v - a wand of magic missile (0:7) {7} Tools T - an uncursed blindfold (being worn) {2} k - an uncursed lock pick {4} g - a magic marker (0:88) {2} s - an uncursed stethoscope {4} Catomat the Wizard's attributes: Background: You were a Thaumaturge, a level 8 female human Wizard. You were neutral, on a mission for Thoth who was opposed by Ptah (lawful) and Anhur (chaotic). You were heterosexual. You were in Sokoban, on level 2. You entered the dungeon 9165 turns ago. It was nighttime. There was a new moon in effect when your adventure ended. You had 2030 experience points, 530 more were needed to attain level 9. Your score was 8847 before end-of-game adjustments. Basics: You had 0 out of 50 hit points. You had 5 out of 90 energy points (spell power). Your armor class was 0. Your wallet contained 317 zorkmids. Autopickup was on for '$"?!=/' plus thrown. Final Characteristics: Your strength was 6 (peak:8, limit:18/100). Your dexterity was 12 (peak:13, limit:18). Your constitution was 17 (limit:18). Your intelligence was 18 (limit:18). Your wisdom was 15 (limit:18). Your charisma was 11 (limit:18). Final Status: You were deliberately blind. You were not hungry. You were unencumbered. You were bare handed. You were unskilled in bare handed combat. Final Attributes: You were piously aligned. You were poison resistant. You were telepathic. You were invisible. You regenerated. You were protected. You were unlucky. You are dead. Miscellaneous: You encountered 1 bones level. Total elapsed playing time was 2 hours, 32 minutes and 39 seconds. Major events: Turn 1: Catomat the neutral female human Wizard entered the dungeon 692: entered the Gnomish Mines 1278: attained the rank of Conjurer (level 3) 3482: attained the rank of Thaumaturge (level 6) 3634: reached Mine Town 5341: entered Sokoban 5973: completed 1st Sokoban level 7071: completed 2nd Sokoban level 7664: completed 3rd Sokoban level 9017: completed 4th Sokoban level 9165: petrified by touching a cockatrice corpse bare-handed Vanquished creatures: a giant mimic a small mimic a pyrolisk a leocrotta a python a giant beetle a quivering blob a cockatrice 2 winter wolf cubs an iron piercer a giant spider a scorpion an ice vortex a vampire bat a gnome ruler a Green-elf 3 owlbears a yeti a gold golem a werewolf 2 lizards a dog 2 soldier ants 2 rock moles 4 gnome leaders a gnomish wizard a paper golem a giant ant a little dog 4 floating eyes a kitten 10 dwarves 2 homunculi 2 rothes a centipede 2 giant bats an orc zombie 3 dwarf zombies a werejackal 2 iguanas 3 killer bees 2 coyotes a hobbit a large kobold a giant rat 6 cave spiders 2 yellow molds a green mold 31 gnomes a gnome zombie 3 geckos 6 jackals 3 foxes 4 goblins 4 sewer rats 5 grid bugs a bat 3 lichens 4 newts 149 creatures vanquished. No species were genocided or became extinct. Voluntary challenges: You read items or engraved 14 times. You never genocided any monsters. You never polymorphed an object. You never changed form. You never touched an artifact. You used no wishes. You never scared an enemy with impunity. You were celibate. You never generated conflict. You violated the special Sokoban rules 6 times. Achievements: You entered the Gnomish Mines. You attained the rank of Conjurer. You entered a shop. You attained the rank of Thaumaturge. You entered Minetown. You entered a temple. You entered Sokoban. Dungeon overview: The Dungeons of Doom: levels 1 to 7 Level 1: "lk-box" A sink. Level 2: A grave. Level 3: "lk-box, spellbooks dropped" A general store, a fountain. Stairs down to The Gnomish Mines. Level 4: "lk-box" A fountain. Level 5: Many fountains. Level 6: "vault, ring dropped from sokoban level?" A fountain. Stairs up to Sokoban, level 5. Level 7: A fountain. The Gnomish Mines: levels 4 to 8 Level 4: Level 5: "spellbooks dropped by downstairs" Level 6: Many shops, a temple, some fountains. Level 7: Level 8: Final resting place for DragonSidedD-Mon-Hum-Mal-Cha, killed by a gray unicorn. Sokoban: levels 5 up to 2 Level 2: <- You were here. Solved. Final resting place for you, petrified by touching a cockatrice corpse bare-handed. Level 3: Solved. Level 4: Solved. Level 5: Solved. Game over: __________ / \ / REST \ / IN \ / PEACE \ / \ | Catomat | | 317 Au | | petrified by | | touching a | | cockatrice | | corpse | | 2024 | *| * * * | * _________)/\\_//(\/(/\)/\//\/|_)_______ Goodbye Catomat the Wizard... You turned to stone in Sokoban on dungeon level 2 with 8816 points, and 317 pieces of gold, after 9165 moves. You were level 8 with a maximum of 50 hit points when you turned to stone.